 Dungeon Crawl Stone Soup version 0.28.0-62-gf88900778d (webtiles) character file.

Game seed: 3387030595908291294

151662 cbfl8 the Severer (level 17, -2/161 HPs)
             Began as a Minotaur Berserker on June 29, 2023.
             Was a High Priest of Trog.
             Slain by Polyphemus (9 damage)
             ... on level 3 of the Shoals.
             The game lasted 00:47:50 (36724 turns).

cbfl8 the Severer (Minotaur Berserker)             Turns: 36724, Time: 00:47:51

Health: -2/161     AC: 41    Str: 34    XL:     17   Next: 1%
Magic:  0/16       EV:  7    Int:  4    God:    Trog [*****.]
Gold:   3353       SH:  0    Dex: 25    Spells: 16/16 levels left

rFire   x . .      SeeInvis .   T - +4 broad axe (freeze)
rCold   + . .      Faith    .   B - +2 tower shield {reflect}
rNeg    . . .      Spirit   +   u - +10 plate armour "Faporer" {Str+10 Dex-2 Stlth-}
rPois   +          Reflect  +   E - +2 hat {Stlth+}
rElec   .          Harm     .   X - +2 cloak {rPois}
rCorr   .          Rampage  .   s - +1 pair of gloves
Will    .....                   S - +2 pair of boots
Stlth   ..........              m - amulet of guardian spirit
HPRegen 0.36/turn               L - +6 ring of dexterity
MPRegen 0.15/turn               W - ring "Sujulubb" {Ice rPois Will- Dex+5}

@: marked, engulfed (cannot breathe), on berserk cooldown, held, slowed, very
slow
A: horns 2, retaliatory headbutt, claws 1, iridescent scales 1, noise
suppression
a: Renounce Religion, Berserk, Trog's Hand, Brothers in Arms


You were on level 3 of the Shoals.
You worshipped Trog.
Trog was extremely pleased with you.
You visited 4 branches of the dungeon, and saw 26 of its levels.
You visited the Abyss 2 times.
You also visited: Gauntlet, Ice Cave and Volcano.

You collected 3948 gold pieces.
You spent 595 gold pieces at shops.

Inventory:

Hand Weapons
 T - a +4 broad axe of freezing (weapon)
 Y - the +10 war axe of Yrhiav {elec, Fly rElec}
   (You found it in a Gauntlet)

   It occasionally discharges a powerful burst of electricity upon striking a
   foe.
   rElec:     It insulates you from electricity.
   Fly:       It grants you flight.
Missiles
 y - 2 throwing nets
Armour
 s - a +1 pair of gloves (worn)
 u - the +10 plate armour "Faporer" (worn) {Str+10 Dex-2 Stlth-}
   (You found it on level 6 of the Lair of Beasts)

   Str:       It affects your strength (+10).
   Dex:       It affects your dexterity (-2).
   Stlth:     It makes you less stealthy.
 B - a +2 tower shield of reflection (worn)
 E - a +2 hat of stealth (worn)
 S - a +2 pair of boots (worn)
 X - a +2 cloak of poison resistance (worn)
Jewellery
 f - a ring of flight
 m - an amulet of guardian spirit (around neck)
 L - a +6 ring of dexterity (left hand)
 U - the ring "Timnit" {Will++ rCorr Dex-5 SInv}
   (You found it in a Gauntlet)

   [ring of see invisible]

   Dex:       It affects your dexterity (-5).
   SInv:      It lets you see invisible.
   rCorr:     It protects you from acid and corrosion.
   Will:      It greatly increases your willpower.
 W - the ring "Sujulubb" (right hand) {Ice rPois Will- Dex+5}
   (You found it in a Gauntlet)

   [ring of ice]

   It enhances your ice magic.
   Dex:       It affects your dexterity (+5).
   rF:        It makes you vulnerable to fire.
   rC:        It protects you from cold.
   rPois:     It protects you from poison.
   Will:      It decreases your willpower.
Wands
 e - a wand of digging (10)
 p - a wand of flame (35)
 q - a wand of charming (6)
 Q - a wand of polymorph (11)
 R - a wand of iceblast (16)
Scrolls
 c - 2 scrolls of fear
 g - 4 scrolls of teleportation
 h - 7 scrolls of silence
 i - 15 scrolls of identify
 j - 6 scrolls of magic mapping
 v - a scroll of holy word
 A - 3 scrolls of fog
 C - a scroll of summoning
 H - 8 scrolls of enchant armour
 K - a scroll of enchant weapon
 O - 3 scrolls of blinking
Potions
 a - 3 potions of ambrosia
 k - 9 potions of heal wounds
 l - a potion of flight
 n - 14 potions of curing
 o - a potion of berserk rage
 w - 3 potions of haste
 z - 7 potions of cancellation
 D - 2 potions of resistance
 M - 2 potions of might
Miscellaneous
 d - a phantom mirror
 N - a condenser vane
 V - a phial of floods
 Z - a tin of tremorstones (2/2)


   Skills:
 + Level 17.0 Fighting
 + Level 20.2 Axes
 + Level 16.3 Armour
 + Level 7.2 Dodging
 + Level 3.1 Stealth
 + Level 18.9 Shields
 + Level 3.2 Evocations


You had 16 spell levels left.
You didn't know any spells.
Your spell library was empty.

Dungeon Overview and Level Annotations

Branches:
Dungeon (15/15)            Temple (0/1) D:7            Lair (6/6) D:11
 Shoals (3/4) Lair:3        Snake (0/4) Lair:2        Slime (0/5) Lair:6
    Orc (2/2) D:9             Elf (0/3) Orc:2        Vaults (0/5) D:14
 Depths (0/4) D:15          IceCv (visited)         Volcano (visited)
Gauntlet (visited)

Altars:
Ashenzari
Elyvilon
Gozag
Kikubaaqudgha
Ru
Wu Jian
Xom
The Shining One
Beogh
Jiyva

Shops:
D:5 **   D:10 ?   D:12 =   D:15 (   Orc:1 [   Orc:2 *[((   Shoals:2 (

Annotations:
D:10 2 transporters, sigtrap's ghost, journeyman DjCj
Shoals:3 Polyphemus


Innate Abilities, Weirdness & Mutations

You have a pair of horns on your head.
You reflexively headbutt those who attack you in melee.
You have sharp fingernails.
You are partially covered in iridescent scales. (AC +2)
You passively dampen the noise of your surroundings.


Message History

The merfolk aquamancer casts a spell.
The merfolk aquamancer blinks!
The merfolk hits you from afar with a +0 trident!
* * * LOW HITPOINT WARNING * * *
You turn to flesh and can move again.
You tear a large gash into the net.
You are engulfed in calcifying dust.
* * * LOW HITPOINT WARNING * * *
Your lungs strain for air!
The catoblepas gores you but does no damage.
The death yak gores you but does no damage.
Polyphemus barely misses you. You furiously retaliate!
You headbutt Polyphemus! Polyphemus hits you but does no damage.
The death yak gores you.
* * * LOW HITPOINT WARNING * * *
The water elemental hits you.
The merfolk hits you from afar with a +0 trident.
* * * LOW HITPOINT WARNING * * *
The merfolk hits you but does no damage.
You struggle against the net.
You feel a strong urge to attack something.
You are engulfed in calcifying dust.
* * * LOW HITPOINT WARNING * * *
Your lungs strain for air!
You are no longer berserk.
You are exhausted.
You feel yourself slow down.
The merfolk javelineer throws a javelin.
The javelin pierces through you!
* * * LOW HITPOINT WARNING * * *
The javelin barely misses the death yak.
The javelin pierces through the wind drake!!
The wind drake dies!
The merfolk throws a boomerang.
The boomerang hits you but does no damage.
The merfolk hits you from afar with a +0 trident!
* * * LOW HITPOINT WARNING * * *
The death yak gores you but does no damage.
The catoblepas barely misses you. You furiously retaliate!
You headbutt the catoblepas, but do no damage.
Polyphemus hits you but does no damage. Polyphemus hits you!
You die...

≈≈≈≈≈≈≈≈≈≈≈≈≈≈≈≈≈..m.
..≈≈≈≈≈≈≈≈≈≈≈≈≈≈..# .≈≈
..≈≈≈≈≈≈≈≈≈≈≈≈≈...###.≈≈
...≈≈≈≈≈≈≈≈≈≈≈.≈≈.≈≈≈≈≈≈
##.≈≈≈≈≈≈≈mH≈≈...≈≈≈§≈≈≈
#.<≈≈≈≈≈≈≈≈Y.m.≈≈≈≈≈≈≈≈
#.≈≈≈≈≈≈.≈≈..#.E≈m≈≈≈≈≈
#..≈≈≈≈≈.≈≈.###ECm..≈≈.
##...≈≈≈≈≈≈..###@.m≈..≈.
#.≈≈≈≈≈≈≈≈≈...EYYY##....
..≈≈≈≈≈≈≈≈≈≈≈≈.mm..# .
..≈≈≈≈≈≈≈≈..≈..≈≈≈≈≈≈≈≈
.≈≈[)≈≈≈≈≈..≈^.≈≈≈≈≈≈≈≈
≈≈≈≈(≈≈≈≈[≈≈≈≈≈≈≈≈≈≈≈≈≈≈
≈≈≈(≈≈...≈≈≈≈≈≈≈≈≈≈≈≈≈≈≈
≈≈≈≈≈≈....≈≈≈≈≈≈≈≈≈≈≈≈≈≈
≈≈≈≈≈≈..##.≈≈≈≈≈≈≈≈≈≈≈≈


You could see Polyphemus, 2 death yaks, a catoblepas, a merfolk javelineer, a
merfolk aquamancer, 4 merfolk and 3 water elementals.

Vanquished Creatures
  Nikola (Shoals:2)
  A Hell Sentinel (Abyss:3)
  A lich (Abyss:3)
  Rupert (Lair:4)
  3 tentacled starspawn (Abyss:3)
  Gastronok (D:8)
  Kirke (Lair:4)
  Roxanne (Shoals:2)
  Aizul (Shoals:1)
  2 orc warlords (Orc:2)
  A reaper (IceCv)
  2 very ugly things (Abyss:3)
  An ironbound preserver (D:14)
  A dire elephant (Gauntlet)
  A minotaur (Gauntlet)
  3 merfolk javelineers
  4 merfolk impalers
  Josephine (D:11)
  A fire dragon (D:15)
  Harold (D:7)
  A hell beast (Gauntlet)
  A rakshasa (Abyss:3)
  2 ice dragons
  2 alligator snapping turtles (Shoals:3)
  2 merfolk avatars (Shoals:3)
  7 hydras
  8 centaur warriors
  5 boulder beetles
  2 satyrs
  2 catoblepae
  2 ogre magi (D:15)
  9 two-headed ogres
  21 death yaks
  A merfolk aquamancer (Shoals:3)
  A deep troll shaman (Lair:6)
  A deep troll earth mage (D:14)
  2 thrashing horrors (Abyss:3)
  3 hell hogs (Abyss:3)
  Urug (Lair:4)
  A hell knight (Volcano)
  2 large abominations (Abyss:3)
  A sixfirhy (Abyss:3)
  5 skeletal warriors
  7 sea snakes
  A bunyip zombie (Abyss:3)
  2 wizards
  2 lindwurms
  Pikel (D:5)
  17 harpies
  A wolf spider (D:14)
  7 orc knights
  3 deep elf pyromancers
  4 oklob plants (Lair:1)
  6 cyclopes
  6 manticores
  5 orc sorcerers
  3 salamanders (Volcano)
  4 merfolk sirens
  2 ugly things
  14 elephants
  2 smoke demons (Abyss:3)
  3 torpor snails
  4 gargoyles
  4 black mambas
  An ice statue (IceCv)
  8 cane toads
  3 water nymphs
  3 molten gargoyles (Volcano)
  3 komodo dragons
  An unseen horror (D:13)
  5 rime drakes
  An efreet (Volcano)
  An anaconda simulacrum (IceCv)
  A tengu conjurer (D:14)
  An entropy weaver simulacrum (IceCv)
  An ice devil (IceCv)
  3 polar bears
  4 trolls
  A meliai (D:14)
  4 ancient zymes (Abyss:3)
  A queen bee (shapeshifter) (D:14)
  24 merfolk
  2 wind drakes
  Prince Ribbit (D:8)
  11 blink frogs
  20 slime creatures
  4 snapping turtles
  2 flying skulls (Gauntlet)
  A vampire (D:13)
  A spriggan (Lair:6)
  A centaur simulacrum (D:14)
  8 wraiths
  5 water elementals
  3 shadows
  2 wyverns
  42 yaks
  3 dire elephant simulacra (IceCv)
  5 basilisks
  2 neqoxecs (Abyss:3)
  Grum (Lair:1)
  2 death yak simulacra (IceCv)
  7 hogs (Lair:4)
  A chaos spawn (Abyss:3)
  A harpy simulacrum (IceCv)
  3 vampire mosquitoes
  5 wargs
  4 acid dragons
  3 small abominations (Abyss:3)
  22 water moccasins
  Duvessa (D:7)
  An ice beast (D:6)
  A meliai simulacrum (D:14)
  52 orc warriors
  2 black bears
  10 ogres
  8 wolves
  A necrophage (D:5)
  7 centaurs
  A phantom (D:5)
  A lemure (D:5)
  4 kobold brigands
  Blork the orc (D:6)
  14 bullfrogs
  A cane toad simulacrum (IceCv)
  3 scorpions
  8 two-headed ogre simulacra (IceCv)
  2 gnoll sergeants
  A wyvern zombie (D:5)
  Dowan (D:7)
  A water moccasin skeleton (D:5)
  An elephant simulacrum (IceCv)
  14 killer bees
  2 howler monkeys
  2 jellies
  9 crimson imps (D:7)
  A bullfrog zombie (D:5)
  5 centaur zombies
  A quasit (Abyss:3)
  21 orc priests
  8 hounds
  3 iguanas
  46 orc wizards
  7 troll simulacra (IceCv)
  3 polar bear simulacra (IceCv)
  7 spriggan simulacra (IceCv)
  4 wolf simulacra (IceCv)
  3 howler monkey zombies
  4 adders
  7 gnolls
  A howler monkey skeleton (D:6)
  4 naga simulacra (IceCv)
  8 white imps
  5 ufetubi
  An adder skeleton (D:5)
  An adder zombie (D:4)
  4 worms
  11 dart slugs (D:4)
  107 orcs
  8 bats
  3 bat skeletons (D:9)
  2 bat zombies (D:9)
  2 endoplasms
  2 giant cockroaches (D:1)
  9 goblins
  9 hobgoblins
  4 jackals
  12 kobolds
  3 quokkas
  9 ball pythons
  A frilled lizard (D:2)
  14 rats
  A lurking horror (Abyss:3)
927 creatures vanquished.

Vanquished Creatures (collateral kills)
  Louise (Shoals:3)
  A hydra (D:14)
2 creatures vanquished.

Vanquished Creatures (others)
  A death yak (Shoals:3)
  A manticore (Shoals:3)
  A water nymph (Shoals:3)
  A kobold demonologist (D:13)
  A merfolk (Shoals:3)
  A wind drake (Shoals:3)
  An orc priest (Orc:1)
  2 bushes (Lair:4)
  9 fungi
  A lurking horror (Abyss:3)
  99 plants
  5 starspawn tentacles (Abyss:3)
123 creatures vanquished.

Grand Total: 1052 creatures vanquished

Notes
Turn   | Place    | Note
-------+----------+-------------------------------------------
     0 | D:1      | cbfl8 the Minotaur Berserker began the quest for the Orb.
     0 | D:1      | Reached XP level 1. HP: 19/19 MP: 0/0
    82 | D:1      | Reached skill level 4 in Axes
   123 | D:1      | Reached XP level 2. HP: 27/27 MP: 1/1
   315 | D:1      | Reached ** piety under Trog
   398 | D:1      | You fall into a shaft and drop 1 floor!
   403 | D:2      | Reached XP level 3. HP: 31/33 MP: 2/2
   499 | D:2      | Found a faded altar of an unknown god.
  1141 | D:3      | Reached *** piety under Trog
  1145 | D:3      | Reached skill level 5 in Axes
  1145 | D:3      | Reached XP level 4. HP: 39/40 MP: 3/3
  1273 | D:3      | Reached skill level 1 in Stealth
  1743 | D:4      | Noticed a bullfrog
  1750 | D:4      | Reached XP level 5. HP: 47/47 MP: 4/4
  1756 | D:4      | Reached skill level 6 in Axes
  1803 | D:4      | Found a broken altar of Ashenzari.
  1813 | D:4      | Found a glowing golden altar of the Shining One.
  1915 | D:4      | Reached XP level 6. HP: 55/55 MP: 5/5
  1991 | D:4      | Reached **** piety under Trog
  1992 | D:4      | Reached skill level 7 in Axes
  2000 | D:4      | Reached skill level 5 in Fighting
  2641 | D:4      | Noticed Blork the orc
  2745 | D:4      | Found an ornate altar of the Wu Jian Council.
  2745 | D:4      | Found a shimmering altar of Xom.
  2902 | D:5      | Entered Level 5 of the Dungeon
  2902 | D:5      | Noticed a water moccasin
  2908 | D:5      | Killed a water moccasin
  2909 | D:5      | Reached XP level 7. HP: 61/61 MP: 6/6
  3073 | D:5      | Reached skill level 8 in Axes
  3083 | D:5      | Found Cabapio's General Store.
  3084 | D:5      | Found Jiteagel's Specific Store.
  3092 | D:5      | Bought a scroll of identify for 30 gold pieces
  3092 | D:5      | Bought a scroll of identify for 30 gold pieces
  3101 | D:5      | Noticed Pikel
  3121 | D:5      | Killed Pikel
  3122 | D:5      | Reached skill level 9 in Axes
  3122 | D:5      | Reached skill level 5 in Armour
  3122 | D:5      | Reached XP level 8. HP: 61/70 MP: 5/7
  3801 | D:5      | Reached skill level 10 in Axes
  4182 | D:6      | Reached XP level 9. HP: 63/78 MP: 5/8
  4688 | D:6      | Killed Blork the orc
  4801 | D:7      | Found a staircase to the Ecumenical Temple.
  4911 | D:7      | Noticed Harold
  4920 | D:7      | Reached skill level 11 in Axes
  4925 | D:7      | Killed Harold
  5024 | D:7      | Reached skill level 12 in Axes
  5035 | D:7      | Reached ***** piety under Trog
  5036 | D:7      | Reached XP level 10. HP: 89/89 MP: 6/9
  5976 | D:7      | Found a sacrificial altar of Ru.
  6052 | D:7      | Noticed Dowan
  6052 | D:7      | Noticed Duvessa
  6061 | D:7      | Killed Duvessa
  6063 | D:7      | Killed Dowan
  6425 | D:8      | Noticed Gastronok
  6437 | D:8      | Killed Gastronok
  6438 | D:8      | Reached skill level 13 in Axes
  6438 | D:8      | Reached skill level 10 in Armour
  6438 | D:8      | Reached skill level 1 in Shields
  7158 | D:8      | Noticed a gargoyle
  7167 | D:8      | Killed a gargoyle
  7335 | D:8      | Noticed Prince Ribbit
  7349 | D:8      | Killed Prince Ribbit
  7853 | D:9      | Found an ancient bone altar of Kikubaaqudgha.
  7914 | D:9      | Found an opulent altar of Gozag.
  8348 | D:9      | Found a staircase to the Orcish Mines.
  8682 | D:10     | Entered Level 10 of the Dungeon
  8695 | D:10     | Noticed a cyclops
  8701 | D:10     | Found a transporter.
  8729 | D:10     | Received a gift from Trog
  8731 | D:10     | Reached XP level 11. HP: 53/97 MP: 5/10
  9106 | D:10     | Noticed a two-headed ogre
  9106 | D:10     | Noticed an ogre mage
  9108 | D:10     | Noticed sigtrap's ghost (journeyman DjCj)
  9109 | D:10     | Noticed a centaur warrior
  9109 | D:10     | Noticed an ogre mage
  9122 | D:10     | Found a transporter.
  9808 | D:10     | Reached skill level 5 in Dodging
  9808 | D:10     | Reached skill level 5 in Shields
  9836 | D:10     | Found Folonici's Magic Scroll Shoppe.
  9840 | D:10     | Bought a scroll of identify for 32 gold pieces
  9840 | D:10     | Bought a scroll of identify for 32 gold pieces
  9840 | D:10     | Bought a scroll of identify for 32 gold pieces
  9840 | D:10     | Bought a scroll of identify for 32 gold pieces
  9840 | D:10     | Bought a scroll of teleportation for 48 gold pieces
  9840 | D:10     | Bought a scroll of identify for 32 gold pieces
 10285 | D:10     | Found a white marble altar of Elyvilon.
 10553 | D:11     | Reached skill level 14 in Axes
 10909 | D:11     | Noticed Josephine
 10919 | D:11     | Killed Josephine
 10955 | D:11     | Reached skill level 10 in Fighting
 11260 | D:11     | Found a staircase to the Lair.
 12772 | D:12     | Noticed a deep elf pyromancer
 12782 | D:12     | Killed a deep elf pyromancer
 12931 | D:12     | Reached XP level 12. HP: 107/107 MP: 6/11
 12941 | D:12     | Reached skill level 15 in Axes
 13334 | D:12     | Found Dyewkiag's Jewellery Shop.
 13612 | D:12     | Found an opulent altar of Gozag.
 13623 | D:12     | Noticed a centaur warrior
 13630 | D:12     | Killed a centaur warrior
 14389 | D:14     | Noticed an ironbound preserver
 14518 | D:13     | Noticed a boulder beetle
 14530 | D:13     | Killed a boulder beetle
 15168 | D:13     | Reached skill level 1 in Evocations
 15745 | D:14     | Killed an ironbound preserver
 15853 | D:14     | Noticed a two-headed ogre
 15854 | D:14     | Noticed a five-headed hydra
 15855 | D:14     | Noticed a centaur warrior
 15856 | D:14     | Noticed a six-headed hydra
 15991 | D:14     | Reached skill level 16 in Axes
 16054 | D:14     | Killed a ten-headed hydra
 16055 | D:14     | Reached skill level 10 in Shields
 16548 | D:14     | Killed a two-headed ogre
 16650 | D:14     | Killed a centaur warrior
 16651 | D:14     | Reached XP level 13. HP: 117/117 MP: 12/12
 16980 | D:14     | Found a gate to the Vaults.
 19206 | D:15     | Entered Level 15 of the Dungeon
 19346 | D:15     | Found Baric's Antique Weapon Shop.
 19552 | D:15     | Bought a glimmering war axe for 229 gold pieces
 19552 | D:15     | Identified the +8 war axe of the Orb {vorpal, Str+4} (You
                  | bought it in a shop on level 15 of the Dungeon)
 19949 | D:15     | Noticed a fire dragon
 19960 | D:15     | Killed a fire dragon
 20171 | D:15     | Found a staircase to the Depths.
 20462 | D:15     | Reached XP level 14. HP: 66/127 MP: 6/13
 20887 | D:15     | Reached skill level 17 in Axes
 21164 | Lair:1   | Entered Level 1 of the Lair of Beasts
 21165 | Lair:1   | Noticed Grum
 21183 | Lair:1   | Killed Grum
 21299 | Lair:1   | Gained mutation: You expend magic power (3 MP) to
                  | strengthen your wands. [potion of mutation]
 21299 | Lair:1   | Gained mutation: You are strong-willed. (Will+) [potion of
                  | mutation]
 21299 | Lair:1   | Gained mutation: Your movements are slightly less
                  | encumbered by armour. (ER -2) [potion of mutation]
 22658 | Lair:2   | Found a frozen archway.
 22679 | IceCv    | Entered an ice cave
 22854 | IceCv    | Identified the ring of the Bespelling Hero {rPois rF+}
 23151 | IceCv    | Noticed a reaper
 23170 | IceCv    | Killed a reaper
 24578 | Lair:2   | Found a staircase to the Snake Pit.
 25325 | Lair:3   | Reached skill level 18 in Axes
 25363 | Lair:3   | Found a dark tunnel.
 25494 | Volcano  | Entered a volcano
 25626 | Volcano  | Noticed an orb of fire
 25658 | Volcano  | Noticed an orb of fire
 26365 | Lair:3   | Found a staircase to the Shoals.
 26692 | Lair:4   | Noticed Kirke
 26708 | Lair:4   | Killed Kirke
 26718 | Lair:4   | Reached ****** piety under Trog
 26725 | Lair:4   | Reached XP level 15. HP: 109/138 MP: 12/14
 26808 | Lair:4   | Received a gift from Trog
 26906 | Lair:4   | Noticed Rupert
 26917 | Lair:4   | Killed Rupert
 26918 | Lair:4   | Reached skill level 15 in Shields
 27153 | Lair:4   | Noticed Urug
 27162 | Lair:4   | Killed Urug
 27361 | Lair:4   | Reached skill level 15 in Armour
 27858 | Lair:4   | Identified a scroll of acquirement
 27859 | Lair:4   | Acquired 1024 gold pieces
 28217 | Lair:5   | You fall into a shaft and drop 1 floor!
 28217 | Lair:6   | Entered Level 6 of the Lair of Beasts
 28303 | Lair:6   | Found a gate leading to a gauntlet.
 28319 | Gauntlet | Entered a Gauntlet
 28319 | Gauntlet | Found a transporter.
 28319 | Gauntlet | Found a transporter.
 28319 | Gauntlet | Found a transporter.
 28320 | Gauntlet | Found a transporter.
 28325 | Gauntlet | Found a transporter.
 28325 | Gauntlet | Found a transporter.
 28327 | Gauntlet | Found a large runed translucent door.
 28328 | Gauntlet | Found a large runed translucent door.
 28329 | Gauntlet | Found a large runed translucent door.
 28329 | Gauntlet | Found a large runed translucent door.
 28329 | Gauntlet | Found a runed translucent door.
 28331 | Gauntlet | Found a large runed translucent door.
 28333 | Gauntlet | Found a large runed translucent door.
 28334 | Gauntlet | Found a large runed translucent door.
 28334 | Gauntlet | Found a large runed translucent door.
 28335 | Gauntlet | Found a runed translucent gate.
 28341 | Gauntlet | Found a transporter.
 28343 | Gauntlet | Found a transporter.
 28355 | Gauntlet | Found a transporter.
 28443 | Gauntlet | Found a large runed translucent door.
 28444 | Gauntlet | Found a large runed translucent door.
 28445 | Gauntlet | Found a large runed translucent door.
 28445 | Gauntlet | Found a large runed translucent door.
 28445 | Gauntlet | Found a runed translucent door.
 28446 | Gauntlet | Found a large runed translucent door.
 28447 | Gauntlet | Found a large runed translucent door.
 28448 | Gauntlet | Found a large runed translucent door.
 28448 | Gauntlet | Found a large runed translucent door.
 28449 | Gauntlet | Found a runed translucent gate.
 28449 | Gauntlet | Found a runed translucent gate.
 28451 | Gauntlet | Found a transporter.
 28455 | Gauntlet | Found a transporter.
 28465 | Gauntlet | Found a transporter.
 28577 | Gauntlet | Received a gift from Trog
 28598 | Gauntlet | Identified the ring "Timnit" {Will++ rCorr Dex-5 SInv}
 28630 | Gauntlet | Identified the ring "Sujulubb" {Ice rPois Will- Dex+5}
 28718 | Gauntlet | Identified the +10 war axe of Yrhiav {elec, Fly rElec}
 28858 | Gauntlet | Identified the +10 flail of True Grit {vorpal, Str+2}
 28917 | Lair:6   | Reached skill level 15 in Fighting
 29170 | Lair:6   | Found a staircase to the Slime Pits.
 29171 | Lair:6   | Found a viscous altar of Jiyva.
 29228 | Lair:6   | Reached skill level 19 in Axes
 30383 | Lair:6   | Identified the +10 plate armour "Faporer" {Str+10 Dex-2
                  | Stlth-}
 30574 | Orc:1    | Entered Level 1 of the Orcish Mines
 31015 | Orc:1    | Received a gift from Trog
 31214 | Orc:2    | Entered Level 2 of the Orcish Mines
 31398 | Orc:2    | Reached XP level 16. HP: 133/146 MP: 12/15
 31680 | Orc:2    | Identified the +5 hand axe "Orucuosm" {vorpal, rPois} (Trog
                  | gifted it to you on level 2 of the Orcish Mines)
 31680 | Orc:2    | Received a gift from Trog
 31983 | Orc:2    | Found a staircase to the Elven Halls.
 32059 | Orc:2    | Found Ethoryn's General Store.
 32082 | Orc:2    | Bought a scroll of identify for 28 gold pieces
 32082 | Orc:2    | Bought a potion of heal wounds for 70 gold pieces
 32168 | Orc:2    | Found Haucu's Antique Armour Emporium.
 32170 | Orc:2    | Found Pulow's Antique Weapon Shoppe.
 32296 | Orc:2    | Found Vedgh's Antique Weapon Shop.
 32518 | Orc:1    | Found Hig Cojig's Armour Shop.
 32820 | Shoals:1 | Entered Level 1 of the Shoals
 33039 | Shoals:1 | Noticed Aizul
 33058 | Shoals:1 | Killed Aizul
 33684 | Shoals:1 | Received a gift from Trog
 33766 | Shoals:2 | Identified Roxanne's Incunabulum of Stones
 33766 | Shoals:2 | Noticed Roxanne
 33787 | Shoals:2 | Killed Roxanne
 34399 | Shoals:2 | Noticed Nikola
 34410 | Shoals:2 | Killed Nikola
 34444 | Shoals:2 | Found Hicurgh's Weapon Boutique.
 34788 | Shoals:2 | Lost mutation: You expend magic power (3 MP) to strengthen
                  | your wands. [potion of mutation]
 34788 | Shoals:2 | Lost mutation: Your movements are slightly less encumbered
                  | by armour. (ER -2) [potion of mutation]
 34788 | Shoals:2 | Gained mutation: You are agile. (Dex +2) [potion of
                  | mutation]
 34788 | Shoals:2 | Gained mutation: You have large cloven feet. [potion of
                  | mutation]
 34789 | Shoals:2 | Lost mutation: You are strong-willed. (Will+) [potion of
                  | mutation]
 34789 | Shoals:2 | Lost mutation: You are agile. (Dex +2) [potion of mutation]
 34789 | Shoals:2 | Lost mutation: You have large cloven feet. [potion of
                  | mutation]
 34789 | Shoals:2 | Gained mutation: You are partially covered in iridescent
                  | scales. (AC +2) [potion of mutation]
 34789 | Shoals:2 | Gained mutation: Your movements are slightly less
                  | encumbered by armour. (ER -2) [potion of mutation]
 34789 | Shoals:2 | Gained mutation: Armour fits poorly on your strangely
                  | shaped body. [potion of mutation]
 34789 | Shoals:2 | Gained mutation: You possess an exceptional clarity of
                  | mind. [potion of mutation]
 34790 | Shoals:2 | Lost mutation: Your movements are slightly less encumbered
                  | by armour. (ER -2) [potion of mutation]
 34790 | Shoals:2 | Lost mutation: You are partially covered in iridescent
                  | scales. (AC +2) [potion of mutation]
 34790 | Shoals:2 | Gained mutation: You passively dampen the noise of your
                  | surroundings. [potion of mutation]
 34790 | Shoals:2 | Lost mutation: You possess an exceptional clarity of mind.
                  | [potion of mutation]
 34790 | Shoals:2 | Gained mutation: You are partially covered in iridescent
                  | scales. (AC +2) [potion of mutation]
 34791 | Shoals:2 | Lost mutation: You are partially covered in iridescent
                  | scales. (AC +2) [potion of mutation]
 34791 | Shoals:2 | Lost mutation: Armour fits poorly on your strangely shaped
                  | body. [potion of mutation]
 34791 | Shoals:2 | Gained mutation: You are partially covered in iridescent
                  | scales. (AC +2) [potion of mutation]
 34824 | Shoals:3 | Reached skill level 20 in Axes
 35502 | Shoals:3 | Noticed Louise
 35520 | Shoals:3 | Cast into level 3 of the Abyss (Louise)
 35628 | Abyss:3  | Noticed a tentacled starspawn
 35634 | Abyss:3  | Killed a tentacled starspawn
 35815 | Abyss:3  | Gained mutation: You have sharp fingernails. [a neqoxec]
 35885 | Abyss:3  | Noticed a lich
 35906 | Abyss:3  | Killed a lich
 35942 | Abyss:3  | Noticed a tentacled starspawn
 35956 | Abyss:3  | Killed a tentacled starspawn
 35963 | Shoals:3 | Escaped the Abyss
 36184 | Shoals:3 | Cast into level 3 of the Abyss (Louise)
 36251 | Abyss:3  | Noticed a Hell Sentinel
 36265 | Abyss:3  | Killed a Hell Sentinel
 36455 | Abyss:3  | Noticed a tentacled starspawn
 36460 | Abyss:3  | Killed a tentacled starspawn
 36463 | Shoals:3 | Escaped the Abyss
 36485 | Shoals:3 | Killed Louise
 36697 | Shoals:3 | Noticed Polyphemus
 36715 | Shoals:3 | Reached XP level 17. HP: 140/161 MP: 9/16
 36724 | Shoals:3 | HP: 7/161 [merfolk/+0 trident (7)]
 36724 | Shoals:3 | Slain by Polyphemus

Illustrated notes

Levels and vault maps discovered:
D:1:      dpeg_arrival_simpleton_b, layout_basic, minmay_rat_gold_closets
D:2:      layout_rooms, serial_glass, glass_columns_c, glass_columns_c,
          glass_columns_a, glass_columns_a, glass_columns_b, glass_columns_a,
          minmay_strange_pillars, minmay_strange_pillars,
          minmay_strange_pillars, hellmonk_ecumenical_altar_lost_god
D:3:      cheibrodos_pilgrimage, layout_rooms
D:4:      kennysheep_slugbush, layout_rooms, mainiacjoe_overflow_catwalk_spiral,
          gammafunk_temple_overflow_elements, serial_rivers,
          chequers_serial_rivers_room_a, chequers_serial_rivers_marsh,
          chequers_serial_rivers_small_3, chequers_serial_rivers_large_a,
          minmay_crossroads, uniq_blork_the_orc
D:5:      layout_rooms, minmay_hedge_maze, nicolae_specific_store,
          minmay_misc_feat_square, minmay_puff, uniq_pikel
D:6:      layout_rooms
D:7:      layout_gridville, nemelex_diamond_rough_becter,
          nicolae_ru_path_of_blood, minmay_temple_entry_mini_moons, hex_medium,
          moated_statue, minmay_nine_imps, uniq_duvessa, uniq_harold
D:8:      layout_basic, uniq_gastronok, uniq_prince_ribbit1
D:9:      layout_long_grid, mainiacjoe_overflow_six_doors_small,
          kennysheep_vampire_church, orc_0_dummy
D:10:     layout_grid_maze, nicolae_elyvilon_temple_path, serial_shops, shop,
          nzn_ghost_randoct, minmay_stone_trees_small
D:11:     layout_loops_corners, david_lair_generic, uniq_josephine
D:12:     layout_roguey, serial_shops, shop_fountains, grunt_gozag_statues
D:13:     layout_roguey
D:14:     layout_loops_ring, skrybe_vaults_entry_preservation,
          dk_noncrumbling_2, evilmike_minifort
D:15:     grunt_enter_depths_hoard, layout_long_grid, minmay_misc_feat_iff,
          serial_shops, shop, serial_rivers, chequers_serial_rivers_micro_d,
          chequers_serial_rivers_micro_a, chequers_serial_rivers_micro_b,
          chequers_serial_rivers_marsh, chequers_serial_rivers_micro_e,
          chequers_serial_rivers_micro_c, minmay_fractal_squares_gapless_5
Lair:1:   minmay_lair_oklob_tunnel, layout_cave_shapes, uniq_grum
Lair:2:   layout_cave_pods, minmay_snake_entry_six_corridors,
          portal_ice_cave_rime, wad_woods_road_05, infiniplex_staircase_pool_2
Lair:3:   layout_regular_city, elwin_shoals_entry_stream,
          nicolae_volcano_entry_vermiform, minivault_24,
          infiniplex_staircase_pool
Lair:4:   beast_lair_carwin_large_4, layout_small_grid, serial_bayou_shore_b,
          uniq_kirke, uniq_urug, uniq_rupert
Lair:5:   layout_regular_city, nicolae_quartered_pool_super
Lair:6:   grunt_lair_end_beastmaster, layout_regular_city, slime_altar_1,
          serial_forest, infiniplex_forest_end_1, infiniplex_forest_lined_4_way,
          infiniplex_forest_corner_1, infiniplex_forest_clump_double,
          infiniplex_forest_clump_double, gauntlet_entry_generic,
          grunt_forest_large_clearing_hut
Shoals:1: layout_shoals, uniq_aizul
Shoals:2: layout_shoals, serial_shops, nicolae_shop_bloodbath_and_beyond,
          uniq_nikola, uniq_roxanne
Shoals:3: layout_shoals, uniq_polyphemus, uniq_louise
Orc:1:    layout_caves, serial_shops, shop
Orc:2:    grunt_orc_community_town_hall, layout_diamond_mine,
          grunt_orc_community_big_house_2, grunt_orc_community_big_house_1,
          grunt_orc_community_house_2, grunt_orc_community_house_1,
          grunt_orc_community_house_1, grunt_orc_community_house_1,
          grunt_orc_community_house_3

Skill      XL: |  1  2  3  4  5  6  7  8  9 10 11 12 13 14 15 16 |
---------------+-------------------------------------------------+-----
Axes           | 4 5 6 7 9 10 12 13 14 16 18 19 20 | 20.2
Fighting       | 4 5 6 8 9 10 11 12 14 15 17 | 17.0
Stealth        | 1 2 3 |  3.1
Armour         | 3 4 5 7 9 10 12 13 14 15 16 | 16.3
Dodging        | 3 4 5 6 7 |  7.2
Shields        | 3 8 10 12 14 16 18 | 18.9
Evocations     | 2 3 |  3.2

Action                   |  1- 3 |  4- 6 |  7- 9 | 10-12 | 13-15 | 16-18 || total
-------------------------+-------+-------+-------+-------+-------+-------++-------
Melee: Hand axe          |    85 |   130 |   221 |   384 |    61 |       ||   881
       Headbutt          |    13 |    23 |    44 |   178 |   327 |   151 ||   736
       Punch             |     2 |       |     4 |     2 |       |       ||     8
       War axe           |       |       |       |   295 |   174 |       ||   469
       Broad axe         |       |       |       |       |   896 |   619 ||  1515
Invok: Berserk           |       |     2 |     2 |    16 |    15 |    13 ||    48
       Trog's Hand       |       |       |       |     1 |     1 |     7 ||     9
       Brothers in Arms  |       |       |       |       |     2 |     4 ||     6
Evoke: Wand              |       |       |       |    25 |    33 |     6 ||    64
  Use: Scroll            |       |     6 |     3 |    19 |    10 |     9 ||    47
       Potion            |       |       |       |       |     1 |     5 ||     6
 Stab: Sleeping          |     4 |       |       |       |       |       ||     4
       Petrifying        |       |       |       |       |       |     1 ||     1
Armor: Animal skin       |    14 |       |       |       |       |       ||    14
       Chain mail        |     6 |   127 |    89 |   294 |   122 |       ||   638
       Plate armour      |       |       |       |       |   217 |   357 ||   574
Dodge: Dodged            |    51 |    65 |    76 |   143 |   249 |   231 ||   815
Block: Tower shield      |       |       |       |   529 |  1092 |   945 ||  2566
       Reflection        |       |       |       |    17 |    35 |    55 ||   107
